 Dungeon Sprint DCSS version 0.27-a0-998-g4cfe56dd59 (webtiles) character file.

Game seed: 9928953823713244714

9 Canard the Poker (level 2, -5/37 HPs)
             Began as a Merfolk Gladiator on Apr 16, 2021.
             Slain by a sky beast (6 damage)
             ... in the Dungeon (Sprint IX: "|||||||||||||||||||||||||||||").
             The game lasted 00:00:34 (103 turns).

Canard the Poker (Merfolk Gladiator)                 Turns: 103, Time: 00:00:35

Health: -5/37      AC:  4    Str: 14    XL:     2   Next: 12%
Magic:  2/2        EV: 13    Int:  7    God:
Gold:   0          SH:  0    Dex: 15    Spells: 1/1 levels left

rFire    . . .     SeeInvis .   a - +0 trident {polearm}
rCold    . . .     Faith    .   (no shield)
rNeg     . . .     Spirit   .   b - +0 leather armour
rPois    .         Reflect  .   c - +0 helmet
rElec    .         Harm     .   (no cloak)
rCorr    .         Rampage  .   (no gloves)
Will     .....     NoTele   +   (no boots)
Stlth    ..........             (no amulet)
HPRegen  0.12/turn              (no ring)
MPRegen  0.08/turn              (no ring)

@: berserking (expiring), very quick
A: (nimble swimmer 2), mertail
a: no special abilities


You were in the Dungeon.
You visited 1 branch


Innate Abilities, Weirdness & Mutations

((You are quick and stealthy near water. (Stealth+, EV+, Speed+++)))
Your lower body shifts to a powerful aquatic tail in water.


   Skills:
 + Level 3.8 Fighting
 + Level 6.1 Polearms
 - Level 2.0 Throwing
 - Level 4.0 Dodging


You had one spell level left.
You didn't know any spells.
Your spell library was empty.

Inventory:

Hand Weapons
 a - a +0 trident (weapon) {polearm}
Missiles
 d - 3 throwing nets (quivered) {=f!fthrowing}
Armour
 b - a +0 leather armour (worn)
 c - a +0 helmet (worn)
Scrolls
 j - a scroll of blinking {!r}
Potions
 e - a potion of curing {@q1}
 f - a potion of heal wounds {@q2}
 g - a potion of haste {@q3}
 h - 2 potions of magic

Dungeon Overview and Level Annotations

Branches:
Dungeon (1/1)

Altars:
▓▓▓▓▓▓▓▓▓▓▓▓▓▓▓▓▓▓ ▓<...')...@{SlSW.+ ▓▓▓▓▓▓▓▓▓▓▓▓▓▓▓▓▓▓

You could see a phantom, a water moccasin, an iguana and an adder.


Message History

Press ? for a list of commands and other information.
Found a staircase leading out of the dungeon.
Unknown command.
Unknown command.
You open the door. 2 bats, a goblin and 2 dart slugs come into view.
You reach to attack!
The helpless bat fails to defend itself.
You hit the bat.
You kill the bat!
The goblin shouts! 😎 HP[+1]
You now have 17 max hp (+1).
Your hp is fully restored (17).
There is an open door to the Dungeon here.
You puncture the dart slug! The dart slug launches a dart at you.
The slug dart hits you. 😕 HP[-4]
You take 4 damage, and now have 13/17 hp.
MASSIVE DAMAGE!! (PAUSE)
You hit the dart slug.
You kill the dart slug!
Your Fighting skill increases to level 3!
Your Polearms skill increases to level 5! 😕 HP[+1]
You now have 18 max hp (+1).
Unknown command.
You puncture the goblin!
You kill the goblin!
The bat hits you. 😮 HP[-1]
You take 1 damage, and now have 13/18 hp.
You are too injured to fight recklessly!
You barely miss the bat. The bat hits you but does no damage.
You miss the bat. The bat hits you but does no damage.
The bat completely misses you.
You barely miss the bat. The bat hits you but does no damage.
You hit the bat.
You kill the bat!
You hit the dart slug but do no damage. The dart slug barely misses you.
You puncture the dart slug! You puncture the dart slug!
You kill the dart slug!
Your Polearms skill increases to level 6!
You have reached level 2! 😕 HP[+6] MP[+1]
You now have 25 max hp (+7).
You regained 6 hp, and now have 19/25 hp.
Your mp is fully restored (2).
Things that are here:
a +0 club {mace}; a goblin corpse; a bat corpse You start resting. 😎 HP[+6]
Your hp is fully restored (25).
You open the door.
An iguana, a sky beast, a phantom and 2 snakes come into view.
The sky beast flickers out of sight!
Deactivating autopickup; reactivate with Ctrl-A.
Something is blocking the doorway!
The water moccasin hisses angrily.
The adder hisses angrily.
Something completely misses you. Something you can't see is in the way.
You miss something. Something hits you. Something shocks you. 😮 HP[-9]
You take 9 damage, and now have 16/25 hp.
MASSIVE DAMAGE!! (PAUSE) Really quaff
i - a potion of berserk rage {!q}?
A red film seems to cover your vision as you go berserk!
You feel yourself moving faster!
You feel mighty!
Something hits you but does no damage. 😮 HP[+8]
You now have 37 max hp (+12).
You regained 8 hp, and now have 24/37 hp.
You miss something. Something hits you. Something shocks you.
* * * LOW HITPOINT WARNING * * *
😨 HP[-6]
You take 6 damage, and now have 18/37 hp.
You puncture something! You barely miss something.
Something hits you but does no damage.
You miss something. You closely miss something. Something hits you.
* * * LOW HITPOINT WARNING * * *
Something shocks you.
* * * LOW HITPOINT WARNING * * *
😨 HP[-8]
You take 8 damage, and now have 10/37 hp.
MASSIVE DAMAGE!! (PAUSE)
You miss something. Something hits you but does no damage.
You closely miss something. You closely miss something. Something hits you.
* * * LOW HITPOINT WARNING * * *
Something shocks you.
* * * LOW HITPOINT WARNING * * *
😱 HP[-8]
You take 8 damage, and now have 2/37 hp.
MASSIVE DAMAGE!! (PAUSE)
You closely miss something. Something hits you.
* * * LOW HITPOINT WARNING * * *
Something shocks you.
You die...

Skill      XL: |  1 |
---------------+----+-----
Fighting       | 3 |  3.8
Polearms       | 6 |  6.1
Throwing       | |  2.0
Dodging        | |  4.0

Action                   || total
-------------------------++-------
Melee: Trident           ||    21
  Use: Potion            ||     1
 Stab: Sleeping          ||     1
Armor: Leather armour    ||     6
Dodge: Dodged            ||     3

Levels and vault maps discovered:
D:        linesprint [early_d, line_temple, items_1, d_10, items_2, lair_1,
          lair_end, items_3, orc_1, orc_end, items_4, d_15, swamp_1, shoals_1,
          snake_1, spider_1, d_20, vaults_1, items_5, swamp_end, shoals_end,
          snake_end, spider_end, vaults_end, d_27, items_6, zot_1, zot_end,
          crypt_end, forest_end, elf_end, slime_end, tomb_end, abyss_end,
          pan_hell_end]

Notes
Turn   | Place    | Note
-------+----------+-------------------------------------------
     0 | D        | Canard the Merfolk Gladiator began the quest for the Orb.
     0 | D        | Reached XP level 1. HP: 16/16 MP: 1/1
     0 | D        | magus.rc [v1.9.6]
     8 | D        | Reached skill level 3 in Fighting
     8 | D        | Reached skill level 5 in Polearms
    16 | D        | Reached skill level 6 in Polearms
    16 | D        | Reached XP level 2. HP: 19/25 MP: 2/2
    91 | D        | Noticed a sky beast
    91 | D        | Noticed a water moccasin
    91 | D        | Noticed a phantom
   102 | D        | HP: 8/37 [something (2)]
   102 | D        | HP: 2/37 [something (6)]
   103 | D        | Slain by a sky beast

Vanquished Creatures
  2 dart slugs (D)
  A goblin (D)
  2 bats (D)
5 creatures vanquished.

Table legend:
 A = Non-vault XP
 B = Vault XP
 C = Vault XP percentage of total XP
 D = Non-vault monster count
 E = Vault monster count
 F = Vault count percentage of total count
                 A         B        C        D         E       F
            +---------+---------+-------+---------+---------+-------
      Total |       0 |      13 | 100.0 |       0 |       5 | 100.0
            +---------+---------+-------+---------+---------+-------
          D |       0 |      13 | 100.0 |       0 |       5 | 100.0
            +---------+---------+-------+---------+---------+-------

Illustrated notes

Table legend:
 A = Kills in this place as a percentage of kills in entire the game.
 B = Kills by you in this place as a percentage of kills by you in the entire game.
 C = Kills by friends in this place as a percentage of kills by friends in the entire game.
 D = Other kills in this place as a percentage of other kills in the entire game.
 E = Experience gained in this place as a percentage of experience gained in the entire game.
 F = Experience gained in this place divided by the number of levels of this place that you have seen.
                   A       B       C       D       E      F
               +-------+-------+-------+-------+-------+----------------------
         Total | 100.0 | 100.0 |   N/A |   N/A | 100.0 |  13.0
       Dungeon | 100.0 | 100.0 |   N/A |   N/A | 100.0 |  13.0
               +-------+-------+-------+-------+-------+----------------------

Table legend: (Time is in decaauts)
 A = Elapsed time spent in this place.
 B = Non-inter-level travel time spent in this place.
 C = Inter-level travel time spent in this place.
 D = Time resting spent in this place.
 E = Time spent auto-exploring this place.
 F = Levels seen in this place.
 G = Mean time per level.
                   A        B        C        D        E       F      G
               +--------+--------+--------+--------+--------+-----+--------+
         Total |    100 |    100 |      0 |     70 |      0 |   1 |  100.0 |
       Dungeon |    100 |    100 |      0 |     70 |      0 |   1 |  100.0 |
               +--------+--------+--------+--------+--------+-----+--------+

Top non-repeatable levels by time:
       D: 100 daAuts
